 Dungeon Crawl Stone Soup version 0.30-a0-881-g1ff12e1e11 (webtiles) character file.

Game seed: 16888643980251119885

23 dolemite99 the Conjurer (level 2, 0/20 HPs)
             Began as a Gnoll Conjurer on Mar 14, 2023.
             Succumbed to an adder's poison
             ... on level 1 of the Dungeon.
             The game lasted 00:01:01 (1498 turns).

dolemite99 the Conjurer (Gnoll Conjurer)            Turns: 1498, Time: 00:01:02

Health: 0/20       AC:  2    Str:  6    XL:     2   Next: 95%
Magic:  7/7        EV: 13    Int: 17    God:
Gold:   6          SH:  0    Dex: 10    Spells: 9/10 levels left

rFire   . . .      SeeInvis .    a - +0 sling
rCold   . . .      Faith    .    (no shield)
rNeg    . . .      Spirit   .    i - +0 robe
rPois   .          Reflect  .    (no helmet)
rElec   .          Rampage  .    (no cloak)
rCorr   .                        (no gloves)
Will    .....                    (no boots)
Stlth   ++                       (no amulet)
HPRegen 0.23/turn                (no ring)
MPRegen 0.10/turn                (no ring)

@: lethally poisoned (0 -> -14)
A: fangs 1, strong nose, distributed training
a: no special abilities


You were on level 1 of the Dungeon.
You visited 1 branch of the dungeon, and saw 2 of its levels.

You collected 25 gold pieces.
You spent 19 gold pieces at shops.

Inventory:

Hand Weapons
 a - a +0 sling (weapon)
 e - a +0 hand axe
Armour
 i - a +0 robe (worn)
Magical Staves
 j - a staff of poison
Scrolls
 g - a scroll of teleportation {unknown}
Potions
 b - a potion of magic
 c - a potion of heal wounds {unknown}
 d - a potion of curing {unknown}
 f - a potion of lignification {unknown}
 h - 2 potions of brilliance {unknown}


   Skills:
 + Level 0.5 Fighting
 + Level 0.5 Short Blades
 + Level 0.5 Long Blades
 + Level 0.5 Axes
 + Level 0.5 Maces & Flails
 + Level 0.5 Polearms
 + Level 0.5 Staves
 + Level 0.5 Ranged Weapons
 + Level 0.5 Throwing
 + Level 0.5 Armour
 + Level 4.5 Dodging
 + Level 4.1 Stealth
 + Level 0.5 Shields
 + Level 0.5 Unarmed Combat
 + Level 4.9 Spellcasting
 + Level 7.0 Conjurations
 + Level 0.4 Hexes
 + Level 0.4 Summonings
 + Level 0.4 Necromancy
 + Level 0.4 Translocations
 + Level 0.4 Transmutations
 + Level 0.4 Fire Magic
 + Level 0.4 Ice Magic
 + Level 0.4 Air Magic
 + Level 0.4 Earth Magic
 + Level 0.4 Poison Magic
 + Level 0.7 Invocations
 + Level 0.5 Evocations


You had 9 spell levels left.
You knew the following spells:

 Your Spells              Type           Power      Damage    Failure   Level
a - Magic Dart            Conj           100%       1d8       1%          1

Your spell library contained the following spells:

 Spells                   Type           Power      Damage    Failure   Level
 Searing Ray              Conj           56%        2d6       1%          2
 Dazzling Flash           Conj/Hex       32%        N/A       10%         3
 Fulminant Prism          Conj/Hex       8%         3d7       30%         4
 Iskenderun's Mystic Bla  Conj/Tloc      16%        2d5       30%         4


Dungeon Overview and Level Annotations

Branches:
Dungeon (2/15)

Altars:

Shops:
D:1 (


Innate Abilities, Weirdness & Mutations

You have very sharp teeth.
Your uncanny sense of smell can sniff out nearby items.
Your experience applies equally to all skills.


Message History

Aiming: Magic Dart (safe; 1% risk of failure)
Press: ? - help, Shift-Dir - straight line, f/p - hobgoblin
Aim: a hobgoblin (almost dead, 100% to hit)
The magic dart hits the hobgoblin.
You kill the hobgoblin!
You climb upwards.
There is a stone staircase leading down here.
You start resting.
Magic restored.
You start waiting.
Done waiting.
You start waiting.
Done waiting.
You climb downwards.
The kobold shouts!
You hear a shout!
The adder bites you.
You are poisoned.
The adder poisons you! The endoplasm hits you.
The adder bites you but does no damage.
There is a stone staircase leading up here.
Casting: Magic Dart (safe; 1% risk of failure)
Confirm with . or Enter, or press ? or * to list all spells.
Okay, then.
You shoot a sling bullet. The sling bullet hits the adder!
The adder is severely wounded.
You feel very sick. The adder closely misses you.
The endoplasm closely misses you. The adder bites you.
You are lethally poisoned!
The adder poisons you! The endoplasm freezes you.
You are frozen.
Unknown command.
Unknown command.
You feel sick. The adder bites you.
* * * LOW HITPOINT WARNING * * *
You are more poisoned.
The adder poisons you! The endoplasm closely misses you.
You climb upwards.
You die...

...##.## #...#
#####'## #...#### #
##...## #......#
###.....## #..###.#
##.......## #...##.#
#.........###....#.#
+.........'........#
#.........###...J#.#
##.......## #...@S.#
##.....## ##.#####
##...## #.# ##'##
#.# ###.# #.#
#...########.#
###............#
.##....#########
.##.....#


You could see an adder and an endoplasm.

Vanquished Creatures
  2 endoplasms (D:1)
  3 hobgoblins
  5 jackals (D:1)
  A kobold (D:1)
  A quokka (D:1)
  2 ball pythons (D:1)
  2 bats (D:1)
  4 rats
20 creatures vanquished.

Notes
Turn   | Place    | Note
-------+----------+-------------------------------------------
     0 | D:1      | dolemite99 the Gnoll Conjurer began the quest for the Orb.
     0 | D:1      | Reached XP level 1. HP: 13/13 MP: 6/6
     2 | D:1      | Noticed a draconian
     2 | D:1      | Noticed a ghoul
     4 | D:1      | Noticed a troll
     4 | D:1      | Noticed a demonspawn
     6 | D:1      | Noticed a felid
     6 | D:1      | Noticed a tengu
     9 | D:1      | Noticed a spriggan
    11 | D:1      | Noticed an armataur
    11 | D:1      | Noticed a human
    13 | D:1      | Noticed a merfolk
    13 | D:1      | Noticed a naga
    15 | D:1      | Noticed a demigod
    15 | D:1      | Noticed an elf
    17 | D:1      | Noticed a meteoran
    17 | D:1      | Noticed a formicid
    19 | D:1      | Noticed an octopode
    21 | D:1      | Noticed a vampire
    23 | D:1      | Noticed a minotaur
    23 | D:1      | Noticed a gargoyle
    25 | D:1      | Noticed a vine stalker
    25 | D:1      | Noticed an armataur
    27 | D:1      | Noticed a draconian
    27 | D:1      | Noticed a draconian
   326 | D:1      | Reached XP level 2. HP: 19/19 MP: 2/7
   928 | D:1      | Found Loleub's Weapon Shop.
   942 | D:1      | Bought a +0 sling for 19 gold pieces
  1498 | D:1      | Succumbed to an adder's poison

Illustrated notes

Levels and vault maps discovered:
D:1:      kb_arrival_jail, layout_loops_corners, serial_shops,
          nicolae_shop_temple_entry_statues_fountains
D:2:      layout_rooms, uniq_natasha

Action                     || total
---------------------------++-------
   Fire: Sling             ||    17
   Cast: Magic Dart        ||    31
 Armour: Robe              ||     4
  Dodge: Dodged            ||    17

Table legend: (Time is in decaauts)
 A = Elapsed time spent in this place.
 B = Non-inter-level travel time spent in this place.
 C = Inter-level travel time spent in this place.
 D = Time resting spent in this place.
 E = Time spent auto-exploring this place.
 F = Levels seen in this place.
 G = Mean time per level.
                   A        B        C        D        E       F      G
               +--------+--------+--------+--------+--------+-----+--------+
         Total |   1504 |   1476 |     28 |    566 |    786 |   2 |  752.0 |
       Dungeon |   1504 |   1476 |     28 |    566 |    786 |   2 |  752.0 |
               +--------+--------+--------+--------+--------+-----+--------+

Top non-repeatable levels by time:
     D:1: 1459 daAuts
     D:2: 44 daAuts
